 Dungeon Crawl Stone Soup version 0.29.0-13-gc9e81de378 (webtiles) character file.

Game seed: 2052664379578233717

326 mora the Magician (level 6, -3/34 HPs)
             Began as a Deep Elf Hedge Wizard on Sept 9, 2022.
             Slain by an iguana (9 damage)
             ... on level 4 of the Dungeon.
             The game lasted 00:08:39 (6257 turns).

mora the Magician (Deep Elf Hedge Wizard)           Turns: 6257, Time: 00:08:39

Health: -3/34      AC:  3    Str:  7    XL:     6   Next: 24%
Magic:  1/15       EV: 13    Int: 21    God:
Gold:   146        SH:  0    Dex: 14    Spells: 7/15 levels left

rFire   . . .      SeeInvis .   a - +0 dagger (protect)
rCold   . . .      Faith    .   (no shield)
rNeg    . . .      Spirit   .   j - +0 robe
rPois   .          Reflect  .   h - +0 hat
rElec   .          Harm     .   (no cloak)
rCorr   .          Rampage  .   l - +0 pair of gloves
Will    .....                   (no boots)
Stlth   ++........              (no amulet)
HPRegen 0.11/turn               d - +4 ring of slaying
MPRegen 0.14/turn               (no ring)

@: no status effects
A: no striking features
a: no special abilities


You were on level 4 of the Dungeon.
You visited 2 branches of the dungeon, and saw 5 of its levels.

You collected 146 gold pieces.

Inventory:

Hand Weapons
 a - a +0 dagger of protection (weapon)
 b - a +0 dagger of flaming
Armour
 f - a +0 buckler
 h - a +0 hat (worn)
 j - a +0 robe (worn)
 l - a +0 pair of gloves (worn)
Jewellery
 d - a +4 ring of slaying (left hand)
Scrolls
 k - 2 scrolls of amnesia
Potions
 c - 2 potions of curing
 e - a potion of brilliance
 g - a potion of flight
 m - a potion of attraction


   Skills:
 + Level 1.4 Fighting
 + Level 3.5 Dodging
 + Level 3.6 Stealth
 + Level 1.6 Shields
 + Level 5.2 Spellcasting
 + Level 2.4 Conjurations
 + Level 2.3 Summonings
 + Level 2.3 Translocations
 - Level 0.1 Fire Magic
 + Level 1.6 Earth Magic


You had 7 spell levels left.
You knew the following spells:

 Your Spells              Type           Power      Damage    Failure   Level
a - Magic Dart            Conj           60%        1d6       4%          1
b - Blink                 Tloc           30%        N/A       6%          2
c - Call Imp              Summ           15%        N/A       6%          2
d - Stone Arrow           Conj/Erth      28%        3d8       14%         3

Your spell library contained the following spells:

 Spells                   Type           Power      Damage    Failure   Level
 Sandblast                Erth           24%        2d8       5%          1
 Slow                     Hex            20%        N/A       11%         1
 Passwall                 Tmut/Erth      7%         N/A       12%         2
 Ensorcelled Hibernation  Hex/Ice        10%        N/A       16%         2
 Conjure Flame            Conj/Fire      10%        6-21      19%         3
 Mephitic Cloud           Conj/Pois/Air  8%         N/A       22%         3
 Swiftness                Air            5%         N/A       32%         3
 Iskenderun's Battlesphe  Conj           15%        2d7       73%         5
 Fireball                 Conj/Fire      5%         3d5       86%         5
 Conjure Ball Lightning   Conj/Air       5%         3x3d6     100%        6
 Orb of Destruction       Conj           7%         9d6       100%        7


Dungeon Overview and Level Annotations

Branches:
Dungeon (4/15)             Temple (1/1) D:4

Altars:
Ashenzari
Fedhas
Hepliaklqana
Kikubaaqudgha
Makhleb
Ru
Uskayaw
Wu Jian
Xom
Zin

Annotations:
D:4 2 runed translucent doors, Edmund, Robin


Message History

Aiming: Magic Dart (safe; 4% risk of failure)
Press: ? - help, Shift-Dir - straight line, f/p - iguana
Aim: an iguana (moderately wounded, ally target, 100% to hit)
The magic dart hits the iguana.
The iguana is heavily wounded.
The iguana misses you.
Casting: Magic Dart (safe; 4% risk of failure)
Confirm with . or Enter, or press ? or * to list all spells.
Aiming: Magic Dart (safe; 4% risk of failure)
Press: ? - help, Shift-Dir - straight line, f/p - iguana
Aim: an iguana (heavily wounded, ally target, 100% to hit)
The magic dart hits the iguana but does no damage.
The iguana is heavily wounded.
The iguana closely misses you.
Casting: Magic Dart (safe; 4% risk of failure)
Confirm with . or Enter, or press ? or * to list all spells.
Aiming: Magic Dart (safe; 4% risk of failure)
Press: ? - help, Shift-Dir - straight line, f/p - iguana
Aim: an iguana (heavily wounded, ally target, 100% to hit)
The magic dart hits the iguana but does no damage.
The iguana is heavily wounded.
The iguana misses you.
Casting: Magic Dart (safe; 4% risk of failure)
Confirm with . or Enter, or press ? or * to list all spells.
Aiming: Magic Dart (safe; 4% risk of failure)
Press: ? - help, Shift-Dir - straight line, f/p - iguana
Aim: an iguana (heavily wounded, ally target, 100% to hit)
The magic dart hits the iguana.
The iguana is severely wounded.
The iguana bites you!
* * * LOW HITPOINT WARNING * * *
Casting: Magic Dart (safe; 4% risk of failure)
Confirm with . or Enter, or press ? or * to list all spells.
Aiming: Magic Dart (safe; 4% risk of failure)
Press: ? - help, Shift-Dir - straight line, f/p - iguana
Aim: an iguana (severely wounded, ally target, 100% to hit)
The magic dart hits the iguana but does no damage.
The iguana is severely wounded.
The iguana bites you!
You die...

... #...# ...###...##
...........##
.............#
.............##
..............## #.
...............#...
#....l..##......#
##.......#.5@....##
#..........l........
#....###............
...###........#...# #
##..#).#.#...# .##
#...#.....#####....
.# #.......### .....
#
##.....†.............
.....##.†............


You could see an iguana (ally target) and a friendly crimson imp (summoned).

Vanquished Creatures
  A howler monkey (D:4)
  A hound (D:4)
  An orc priest (D:3)
  Natasha (twice) (D:3)
  2 gnolls (D:2)
  5 adders
  3 dart slugs
  7 orcs
  8 endoplasms
  6 giant cockroaches
  8 goblins
  7 hobgoblins
  7 jackals (D:3)
  2 quokkas
  8 ball pythons
  5 bats
  4 kobolds
  2 rats
79 creatures vanquished.

Vanquished Creatures (collateral kills)
  A gnoll (D:2)
  An adder (D:3)
2 creatures vanquished.

Vanquished Creatures (others)
  A hobgoblin (D:4)
1 creature vanquished.

Grand Total: 82 creatures vanquished

Notes
Turn   | Place    | Note
-------+----------+-------------------------------------------
     0 | D:1      | mora the Deep Elf Hedge Wizard began the quest for the Orb.
     0 | D:1      | Reached XP level 1. HP: 10/10 MP: 7/7
   742 | D:1      | Reached XP level 2. HP: 15/15 MP: 3/9
   865 | D:1      | Found a faded altar of an unknown god.
  1346 | D:2      | Learned a level 2 spell: Blink
  1349 | D:2      | Learned a level 2 spell: Call Imp
  1579 | D:2      | Reached XP level 3. HP: 19/19 MP: 7/11
  1614 | D:2      | You fall into a shaft and drop 2 floors!
  1784 | D:4      | Found an ancient bone altar of Kikubaaqudgha.
  1952 | D:3      | Noticed Natasha
  2936 | D:3      | Reached XP level 4. HP: 12/24 MP: 0/12
  3351 | D:3      | Reached skill level 1 in Shields
  3708 | D:3      | Learned a level 3 spell: Stone Arrow
  3891 | D:3      | Reached skill level 1 in Fighting
  3950 | D:3      | Reached skill level 1 in Earth Magic
  4015 | D:3      | Reached XP level 5. HP: 4/29 MP: 3/14
  4332 | D:3      | Killed Natasha
  4333 | D:3      | Reached skill level 5 in Spellcasting
  4396 | D:3      | Noticed Natasha
  4408 | D:3      | Killed Natasha
  5636 | D:4      | Found a staircase to the Ecumenical Temple.
  5648 | Temple   | Entered the Ecumenical Temple
  5812 | D:4      | Noticed Edmund
  5819 | D:4      | Found a runed translucent gate.
  5820 | D:4      | Found a runed translucent gate.
  5839 | D:4      | Noticed Robin
  6105 | D:4      | Reached XP level 6. HP: 27/34 MP: 5/15
  6257 | D:4      | Slain by an iguana

Illustrated notes

Levels and vault maps discovered:
D:1:      sevenhm_arrival_forest_fort_small_3, layout_loops_ring,
          nicolae_ecumenical_snake_handling
D:2:      layout_loops_ring
D:3:      layout_loops_ring, portal_sewer_entry_d, uniq_natasha
D:4:      layout_cave_pools, nicolae_kikubaaqudgha_miasma_corner,
          temple_statues, gammafunk_ghost_necromancy, minmay_misc_feat_hallway,
          uniq_sigmund, uniq_robin, uniq_edmund
Temple:   nicolae_temple_cloud_nine

Skill      XL: |  1  2  3  4  5 |
---------------+----------------+-----
Stealth        | 3 |  3.6
Shields        | 1 |  1.6
Dodging        | 3 |  3.5
Fighting       | 1 |  1.4
Earth Magic    | 1 |  1.6
Conjurations   | 2 |  2.4
Summonings     | 2 |  2.3
Spellcasting   | 5 |  5.2
Translocations | 2 |  2.3
Fire Magic     | |  0.1

Action                   |  1- 3 |  4- 6 || total
-------------------------+-------+-------++-------
Melee: Dagger            |     1 |     7 ||     8
 Cast: Magic Dart        |   114 |   159 ||   273
       Call Imp          |       |    10 ||    10
  Use: Scroll            |       |     9 ||     9
       Potion            |       |     1 ||     1
Armor: Robe              |    17 |    22 ||    39
Dodge: Dodged            |    32 |    76 ||   108
